 Dungeon Crawl Stone Soup version 0.19-a0-854-gc78d25d (webtiles) character file.

1458 Implojin the Cleaver (level 8, 0/66 HPs)
             Began as a Minotaur Fighter on July 1, 2016.
             Was a Believer of Okawaru.
             Slain by a fire bat (5 damage)
             ... on level 2 of the Abyss.
             The game lasted 00:09:25 (1582 turns).

Implojin the Cleaver (Minotaur Fighter)             Turns: 1582, Time: 00:09:26

Health: 0/66       AC:  8    Str: 21    XL:     8   Next: 47%
Magic:  7/7        EV:  7    Int:  5    God:    Okawaru [**....]
Gold:   128        SH:  9    Dex: 12    Spells: 0 memorised, 7 levels left

rFire  + . .     SeeInvis .     a - +0 war axe
rCold  . . .     Gourm    .     b - +0 scale mail
rNeg   . . .     Faith    .     c - +0 shield
rPois  .         Spirit   .     (helmet restricted)
rElec  .         Dismiss  .     (no cloak)
rCorr  .         Reflect  .     h - +0 pair of gloves
SustAt .         Harm     .     (no boots)
MR     .....                    (no amulet)
Stlth  ..........               (no ring)
                                j - ring of protection from fire

@: about to teleport, wreathed by umbra, not resistant to hostile enchantments,
extremely unstealthy
A: retaliatory headbutt, horns 2
a: Heroism, Renounce Religion


You were on level 2 of the Abyss.
You worshipped Okawaru.
Okawaru was pleased with you.
You were not hungry.

You visited 2 branches of the dungeon, and saw 10 of its levels.
You visited the Abyss 1 time.

You collected 128 gold pieces.

Inventory:

Hand Weapons
 a - a +0 war axe (weapon)
Armour
 b - a +0 scale mail (worn)
 c - a +0 shield (worn)
 h - a +0 pair of gloves (worn)
 q - a +0 leather armour of fire resistance
Jewellery
 j - a ring of protection from fire (left hand)
 r - an uncursed ring of teleportation
Wands
 u - a wand of confusion (42/48)
Scrolls
 e - 2 scrolls of teleportation
 k - a scroll of immolation {unknown}
 l - a scroll of fear {unknown}
 n - 2 scrolls of recharging
 p - a scroll of random uselessness
 t - a scroll of amnesia {unknown}
 v - a scroll of blinking
 w - a scroll of magic mapping
 y - 2 scrolls of enchant weapon {unknown}
Potions
 d - a potion of agility
 m - a potion of brilliance {unknown}
 o - 2 potions of curing
 z - 2 potions of flight
Books
 i - a book of Necromancy

   Spells                             Type                      Level
   a - Pain                           Necromancy                   1
   b - Animate Skeleton               Necromancy                   1
   c - Vampiric Draining              Necromancy                   3
   d - Regeneration                   Charms/Necromancy            3
   e - Animate Dead                   Necromancy                   4
   f - Control Undead                 Necromancy                   4
 s - a book of Alchemy

   Spells                             Type                      Level
   a - Sublimation of Blood           Necromancy                   2
   b - Ignite Poison                  Fire/Transmutation/Poison    3
   c - Petrify                        Transmutation/Earth          4
   d - Alistair's Intoxication        Transmutation/Poison         5
   e - Irradiate                      Conjuration/Transmutation    5
Comestibles
 f - 2 bread rations
 g - a royal jelly


   Skills:
 * Level 4.1 Fighting
 - Level 12.3 Axes
 - Level 3.6 Armour
 - Level 3.6 Shields


You had 7 spell levels left.
You didn't know any spells.

Dungeon Overview and Level Annotations

Branches:
Dungeon (9/15)             Temple (1/1) D:5
   Lair: D:8-11         Orc: D:9-12

Altars:
Ashenzari
Cheibriados
Elyvilon
Fedhas
Gozag
Hepliaklqana
Kikubaaqudgha
Makhleb
Nemelex Xobeh
Okawaru
Pakellas
Qazlal
Ru
Sif Muna
Trog
Uskayaw
Xom
Zin
The Shining One

Shops:
D:5 }   D:8 %

Annotations:
D:3 exclusion: upstairs
D:5 Implojin's ghost, weakling MiFi
D:8 Erolcha
D:9 Maurice


Innate Abilities, Weirdness & Mutations

You reflexively headbutt those who attack you in melee.
You have a pair of horns on your head.


Message History

Erolcha hits you with a giant club!!
* * * LOW HITPOINT WARNING * * *
Unknown command.
You slash Erolcha! You headbutt Erolcha.
Erolcha is severely wounded.
Okay, then.
You slash Erolcha! You headbutt Erolcha.
Erolcha is almost dead.
Erolcha mumbles some strange words.
Erolcha blinks!
You hit Erolcha. Your headbutt misses Erolcha.
Erolcha is almost dead.
Erolcha points at you and mumbles some strange words.
You are cast into the Abyss!
To return, you must find a gate leading back.
Killing monsters will force the Abyss to allow you passage.
This branch contains the abyssal rune of Zot.
Found a chunky hardcover book.
You now have 128 gold pieces (gained 14).
You feel like a meek peon again.
There is an abandoned shop here.
i - a book of Necromancy
Found 19 arrows.
Okay, then.
Found 6 gold pieces.
Found 19 gold pieces.
Found a slice of pizza.
A profane servitor comes into view. It is wielding an enchanted whip.
A fire bat comes into view.
As you read the scroll of teleportation, it crumbles to dust.
You feel strangely unstable.
You feel the power of the Abyss delaying your translocation!
The fire bat bites you but does no damage.
The fire bat barely misses you. The fire bat bites you.
* * * LOW HITPOINT WARNING * * *
You are engulfed in flames.
You resist.
* * * LOW HITPOINT WARNING * * *
The fire bat bites you.
You die...

...#.....$###...##
... # .#
#...................
. .
#.#.................
. .
#...#...............
. X . . .. A
###.....## .....##.
.. .# ##.
#..#....##.. .# #.
.. ..
#.#.##.A§###### #. .
. #.#.#.#.b#### # ..
#..## #...@..#
####....###..# ####.
.#.# #. ## .. ## .#
.# #


You could see a profane servitor and a fire bat.

Vanquished Creatures
  The ghost of Implojin the Cleaver, an amateur MiFi (D:7)
  A wyvern (D:9)
  Duvessa (D:7)
  A sky beast (D:6)
  An ice beast (D:9)
  A wasp (D:6)
  2 ogres
  A giant frog (D:8)
  Dowan (D:7)
  2 scorpions
  2 hounds
  A giant frog skeleton (D:8)
  An orc wizard (D:3)
  A jelly (D:6)
  An iguana (D:7)
  2 worker ants
  A hound skeleton (D:5)
  A worker ant zombie (D:6)
  A gnoll (D:1)
  5 adders
  A shadow imp (D:6)
  An adder skeleton (D:7)
  A worm (D:2)
  A dart slug (D:1)
  A giant gecko (D:6)
  5 orcs
  3 giant cockroaches
  4 goblins (D:2)
  4 hobgoblins
  2 kobolds
  2 giant newts
  A quokka skeleton (D:6)
  4 rats
58 creatures vanquished.

Notes
Turn   | Place    | Note
-------+----------+-------------------------------------------
     0 | D:1      | Implojin the Minotaur Fighter began the quest for the Orb.
     0 | D:1      | Reached XP level 1. HP: 19/19 MP: 0/0
    63 | D:1      | Reached skill level 3 in Axes
    63 | D:1      | Reached XP level 2. HP: 14/26 MP: 1/1
   185 | D:2      | Found a glowing golden altar of the Shining One.
   207 | D:2      | Reached skill level 4 in Axes
   233 | D:2      | Found a sacrificial altar of Ru.
   304 | D:2      | Reached XP level 3. HP: 25/31 MP: 2/2
   428 | D:3      | Reached skill level 5 in Axes
   451 | D:3      | Reached XP level 4. HP: 12/39 MP: 3/3
   521 | D:5      | Entered Level 5 of the Dungeon
   532 | D:5      | Noticed Implojin's ghost (weakling MiFi)
   655 | D:6      | Reached skill level 6 in Axes
   673 | D:6      | Reached XP level 5. HP: 38/45 MP: 4/4
   679 | D:6      | Noticed an ogre
   683 | D:6      | Killed an ogre
   683 | D:6      | Reached skill level 7 in Axes
   726 | D:6      | Reached XP level 6. HP: 34/51 MP: 5/5
   790 | D:5      | Reached skill level 8 in Axes
   856 | D:5      | Found Qaank's Gadget Shop.
   859 | D:5      | Found a staircase to the Ecumenical Temple.
   869 | Temple   | Entered the Ecumenical Temple
   874 | Temple   | Became a worshipper of Warmaster Okawaru
   885 | D:5      | Found a shattered altar of Ashenzari.
  1119 | D:6      | Found an opulent altar of Gozag.
  1146 | D:7      | Noticed Duvessa
  1146 | D:7      | Noticed Dowan
  1165 | D:6      | Noticed a sky beast
  1232 | D:6      | Killed a sky beast
  1232 | D:6      | Reached * piety under Okawaru
  1232 | D:6      | Reached skill level 9 in Axes
  1232 | D:6      | Reached XP level 7. HP: 23/57 MP: 6/6
  1322 | D:7      | Killed Duvessa
  1332 | D:7      | Killed Dowan
  1332 | D:7      | Reached skill level 10 in Axes
  1347 | D:7      | Noticed Implojin's ghost (amateur MiFi)
  1358 | D:7      | HP: 2/57 [hound (2)]
  1366 | D:7      | Killed Implojin's ghost
  1366 | D:7      | Reached skill level 11 in Axes
  1401 | D:8      | Reached XP level 8. HP: 35/64 MP: 7/7
  1482 | D:8      | Found an oddly glowing altar of Pakellas.
  1491 | D:9      | Noticed Maurice
  1498 | D:9      | Reached ** piety under Okawaru
  1510 | D:9      | Reached skill level 12 in Axes
  1530 | D:8      | Reached skill level 4 in Fighting
  1533 | D:8      | Found Puhosuys's Food Shop.
  1537 | D:8      | Noticed Erolcha
  1544 | D:8      | HP: 2/66 [Erolcha/giant club (27)]
  1548 | D:8      | Cast into level 2 of the Abyss (Erolcha)
  1565 | Abyss:2  | Noticed a starcursed mass
  1574 | Abyss:2  | Noticed a profane servitor
  1582 | Abyss:2  | Slain by a fire bat

Vault maps used:
D:1:      tarquinn_simple_flora_water_f
D:2:      nicolae_ru_path_of_blood, nicolae_overflow_hidden_temple
D:4:      vehumet_crystals, serial_shops, nicolae_shop_stone, st_stairs_5,
          uniq_crazy_yiuf_cottage, uniq_robin
D:5:      lemuel_round_altar, first_bread, serial_shops, shop, st_stairs_3,
          eino_tiny_chamber
D:6:      grunt_gozag_breadcrumbs
D:7:      serial_shops, shop_fountains, uniq_duvessa
D:8:      overflow_temple_1_default, gammafunk_temple_overflow_pools,
          serial_shops, nicolae_shop_stone, uniq_erolcha
D:9:      grunt_livestock, uniq_maurice
Temple:   minmay_freezing_vapour_temple

Skill      XL: |  1  2  3  4  5  6  7  8 |
---------------+-------------------------+-----
Axes           | 3 4 5 6 7 9 11 12 | 12.3
Fighting       | 4 |  4.1
Armour         | |  3.6
Shields        | |  3.6

Action                   |  1- 3 |  4- 6 |  7- 9 || total
-------------------------+-------+-------+-------++-------
Melee: War axe           |    41 |    72 |    68 ||   181
       Headbutt          |     5 |    10 |     9 ||    24
Invok: Heroism           |       |       |     9 ||     9
  Use: Potion            |     1 |     1 |     3 ||     5
       Scroll            |       |     8 |     5 ||    13
  Eat: Bread ration      |       |       |     1 ||     1
Armor: Scale mail        |    33 |    31 |    11 ||    75
Dodge: Dodged            |    21 |    25 |    15 ||    61
Block: Shield            |    46 |    39 |    25 ||   110

Table legend:
 A = Turns spent in this place as a percentage of turns spent in the entire game.
 B = Non-inter-level travel turns spent in this place as a percentage of non-inter-level travel turns spent in the entire game.
 C = Inter-level travel turns spent in this place as a percentage of turns spent in this place.
 D = Turns resting spent in this place as a percentage of non-inter-level travel turns spent in this place.
 E = Turns spent auto-exploring this place as a percentage of non-inter-level travel turns spent in this place.
 F = Non-inter-level travel turns spent in this place divided by the number of levels of this place that you've seen.
                   A       B       C       D       E      F
               +-------+-------+-------+-------+-------+----------------------
         Total | 100.0 | 100.0 |   0.0 |   0.0 |   0.0 | 149.2
       Dungeon |  97.0 |  97.0 |   0.0 |   0.0 |   0.0 | 176.9
        Temple |   1.0 |   1.0 |   0.0 |   0.0 |   0.0 |  16.0
         Abyss |   2.0 |   2.0 |   0.0 |   0.0 |   0.0 |  33.0
               +-------+-------+-------+-------+-------+----------------------

Table legend:
 A = Kills in this place as a percentage of kills in entire the game.
 B = Kills by you in this place as a percentage of kills by you in the entire game.
 C = Kills by friends in this place as a percentage of kills by friends in the entire game.
 D = Other kills in this place as a percentage of other kills in the entire game.
 E = Experience gained in this place as a percentage of experience gained in the entire game.
 F = Experience gained in this place divided by the number of levels of this place that you have seen.
                   A       B       C       D       E      F
               +-------+-------+-------+-------+-------+----------------------
         Total | 100.0 | 100.0 |  -nan |  -nan | 100.0 | 189.4
       Dungeon | 100.0 | 100.0 |  -nan |  -nan | 100.0 | 231.4
               +-------+-------+-------+-------+-------+----------------------
